Map: Dash and Terminal LE (Void)

Players

Tausken - Winner!

  • Race: Terran Terran
  • League: Platinum

loldeadgame

  • Race: Zerg Zerg
  • League: Platinum

VOD

Have the link to the VOD?

Description

Time

  • Played on: Sept. 22, 2015, 4:28 a.m.
  • Length: 12:36
Show
View Real Time Build Order
Export as new Build Order

Tausken Terran - Winner!

Build Orders: Command Center First (CC), MMM Bio 

Get SALT Encoding   

  12  0:00  SCV  
  13  0:12  SCV  
  14  0:23  Supply Depot  
  14  0:25  SCV  
  15  0:44  SCV  
  16  0:56  SCV  
  17  1:06  Command Center  
  17  1:09  SCV  
  18  1:23  Barracks  
  18  1:32  Barracks  
  18  1:35  SCV  
  19  1:46  Refinery  
  19  1:49  Refinery  
  19  1:50  SCV  
  20  2:04  SCV  
  21  2:10  Marine  
  22  2:17  Orbital Command  
  22  2:18  Marine  
  23  2:30  Orbital Command  
  23  2:33  Marine  
  24  2:37  Marine  
  24  2:43  SCV  
  26  2:52  Factory  
  26  2:55  SCV  
  26  2:58  Barracks Tech Lab  
  27  3:00  Marine  
  28  3:11  SCV  
  28  3:12  SCV  
  30  3:18  Stimpack, Marine  
  33  3:20  Marauder  
  33  3:23  SCV  
  34  3:27  SCV  
  34  3:30  Supply Depot  
  35  3:35  SCV  
  35  3:39  Supply Depot, Factory Reactor  
  35  3:45  SCV, Starport  
  36  3:52  Marauder  
  38  4:01  Bunker  
  38  4:03  Barracks Reactor  
  38  4:04  SCV x2  
  40  4:15  Marauder  
  40  4:18  Widow Mine  
  40  4:19  Widow Mine  
  40  4:22  Starport Tech Lab  
  44  4:25  SCV x2  
  44  4:28  Supply Depot  
  44  4:30  Bunker  
  46  4:31  Supply Depot  
  46  4:36  Marauder  
  48  4:45  Marine  
  45  4:57  Marine  
  45  5:02  Marine  
  41  5:12  Banshee  
  43  5:15  Marine  
  43  5:16  SCV x2  
  43  5:17  Marine  
  47  5:26  Cloaking Field  
  47  5:28  SCV x2  
  48  5:29  Widow Mine  
  48  5:30  Marine  
  48  5:33  Marauder  
  54  5:40  Command Center, SCV  
  54  5:41  SCV  
  56  5:46  Supply Depot, Marine  
  56  5:48  Supply Depot  
  57  5:52  Marine  
  57  5:55  Marauder  
  57  5:56  SCV  
  61  5:57  Combat Shields  
  61  6:06  Banshee  
  61  6:11  SCV x2  
  65  6:14  Widow Mine x2  
  70  6:20  Marine  
  70  6:21  Marauder  
  70  6:22  Engineering Bay  
  70  6:23  Engineering Bay  
  70  6:25  Refinery  
  73  6:27  SCV  
  73  6:29  SCV, Refinery  
  75  6:34  Marine  
  77  6:40  SCV  
  77  6:46  Marauder, Widow Mine, Marine  
  77  6:47  Widow Mine  
  80  6:52  Marine  
  85  7:01  Orbital Command  
  85  7:02  Terran Infantry Weapons Level 1  
  85  7:03  Terran Infantry Armor Level 1  
  85  7:04  SCV  
  85  7:05  SCV  
  85  7:08  Marauder  
  86  7:28  SCV x2  
  88  7:30  Marauder, Marine x2  
  88  7:31  Medivac x2  
  88  7:32  Siege Tank  
  99  7:41  SCV, Barracks  
  99  7:42  Barracks x3  
  99  7:55  Supply Depot  
  99  7:56  Supply Depot  
  99  7:57  Supply Depot  
  99  7:58  SCV, Orbital Command  
  100  7:59  Supply Depot, Armory, Concussive Shells, Marine  
  101  8:17  SCV x2, Marauder, Marine  
  101  8:18  Marine  
  110  8:35  Barracks Reactor x2  
  110  8:37  Barracks Reactor  
  110  8:39  Marauder  
  108  8:42  Barracks Reactor, Marine x2  
  108  8:45  Missile Turret  
  108  8:47  Missile Turret x2  
  108  8:49  Missile Turret  
  108  8:50  Missile Turret  
  95  9:00  Marine x2, Marauder  
  99  9:08  Widow Mine  
  102  9:10  SCV x3  
  102  9:16  Terran Infantry Weapons Level 2, Terran Infantry Armor Level 2  
  104  9:18  Marine x2  
  104  9:19  Terran Vehicle And Ship Armor Level 1, Medivac  
  104  9:21  Marauder  
  104  9:22  SCV x3  
  113  9:26  Marine x3  
  113  9:27  Marine x4  
  120  9:36  Widow Mine, Marine x3  
  122  9:43  Marauder  
  122  9:44  Missile Turret  
  124  9:46  Missile Turret  
  124  9:47  SCV x3  
  124  9:48  Missile Turret x2  
  124  9:49  Refinery x2  
  127  9:55  Supply Depot  
  127  9:56  Supply Depot x2  
  127  10:04  Marauder  
  121  10:12  Marine x2  
  123  10:18  SCV x2  
  125  10:22  Marine x2  
  125  10:23  Medivac, Marine x2  
  125  10:24  Medivac  
  125  10:26  Marauder  
  125  10:27  Siege Tank  
  135  10:44  Marine  
  135  10:47  Marauder  
  136  10:52  Marine x9  
  136  10:54  SCV x3  
  148  10:59  Command Center  
  148  11:06  SCV x3  
  148  11:08  Marauder  
  129  11:19  Marine x6  
  129  11:20  Widow Mine, Marine  
  129  11:21  Medivac x2  
  140  11:30  Marauder  
  142  11:33  Marine x3  
  145  11:42  Marine x6  
  149  11:48  Widow Mine  
  149  11:50  Marine  
  149  11:51  Marauder, Marine x3  
  151  11:59  Marine  
  151  12:00  Marine x2  
  149  12:05  Marine x3  
  149  12:08  Marine  
  152  12:09  Marine  
  152  12:12  Marauder  
  152  12:14  Marine x2  
  157  12:17  Marine  
Show
View Real Time Build Order
Export as new Build Order

loldeadgame Zerg 

Build Orders: Hatch First, Muta Ling Bane 

Get SALT Encoding   

  12  0:01  Drone  
  13  0:13  Overlord  
  13  0:18  Drone  
  14  0:32  Drone x2  
  17  0:35  Drone  
  17  0:46  Drone  
  18  0:56  Hatchery  
  17  0:58  Drone  
  18  1:12  Spawning Pool  
  18  1:13  Drone  
  18  1:19  Extractor  
  18  1:20  Drone  
  18  1:29  Overlord  
  18  1:44  Drone  
  19  1:51  Drone  
  20  2:00  Queen  
  22  2:08  Queen  
  24  2:09  Zergling x4  
  24  2:12  Drone  
  27  2:19  Metabolic Boost  
  27  2:20  Drone  
  27  2:22  Drone  
  29  2:29  Overlord  
  29  2:41  Drone x2  
  31  2:46  Drone, Roach Warren  
  31  2:47  Extractor  
  31  2:51  Drone  
  31  2:57  Drone  
  32  3:02  Drone  
  33  3:08  Drone  
  33  3:14  Overlord x2  
  33  3:16  Drone x2  
  35  3:30  Roach x3  
  35  3:31  Roach  
  35  3:34  Roach x3  
  49  3:41  Roach x2  
  49  3:46  Roach  
  55  3:48  Roach  
  57  3:57  Overlord x2  
  57  3:58  Drone  
  57  4:17  Overlord, Drone  
  57  4:18  Drone x2  
  57  4:23  Ravager  
  57  4:24  Ravager x2  
  63  4:26  Drone x4  
  67  4:36  Hatchery  
  47  5:10  Drone x7  
  47  5:11  Drone x4  
  47  5:13  Lair  
  58  5:17  Evolution Chamber x2  
  56  5:25  Zergling x6  
  59  5:30  Baneling Nest  
  59  5:33  Extractor  
  59  5:34  Extractor  
  56  5:46  Zerg Ground Armor Level 1, Zerg Melee Weapons Level 1  
  56  5:50  Queen  
  56  5:51  Drone x6  
  56  5:52  Drone  
  56  5:53  Hatchery  
  64  5:57  Drone x2  
  66  6:09  Zergling x10  
  71  6:14  Roach x2  
  71  6:15  Roach  
  77  6:19  Drone  
  77  6:20  Drone  
  77  6:23  Extractor x2  
  77  6:26  Drone x2  
  77  6:27  Spire  
  78  6:36  Spore Crawler  
  75  6:42  Overseer  
  75  6:44  Drone x5  
  75  6:45  Drone  
  77  6:50  Spore Crawler  
  77  6:52  Drone x4  
  77  7:00  Drone x2  
  77  7:01  Drone x4  
  81  7:09  Drone  
  81  7:10  Drone x2  
  81  7:11  Drone x3  
  86  7:37  Overseer  
  86  7:39  Mutalisk x5  
  96  7:44  Overlord x2  
  96  7:48  Zerg Melee Weapons Level 2  
  96  7:51  Spore Crawler  
  95  7:56  Spine Crawler, Queen  
  96  8:02  Queen  
  98  8:06  Mutalisk x4  
  98  8:07  Mutalisk x2  
  98  8:10  Zergling x4  
  112  8:14  Centrifical Hooks  
  111  8:36  Overlord x5  
  105  8:53  Zergling x18  
  105  8:55  Overlord x2  
  112  8:56  Overlord  
  112  8:58  Overlord x3  
  112  9:02  Overlord  
  112  9:03  Zerg Ground Armor Level 2  
  112  9:08  Infestation Pit  
  111  9:12  Zergling x2  
  111  9:13  Zergling x12  
  118  9:26  Baneling x2  
  118  9:27  Baneling x7  
  118  9:34  Zergling x4  
  118  9:35  Zergling x6  
  124  9:38  Drone x3  
  124  9:39  Drone x2  
  124  9:40  Drone x2  
  124  9:43  Extractor  
  124  9:44  Extractor  
  124  9:45  Hive  
  101  10:08  Zergling x20  
  101  10:09  Zergling x14  
  101  10:13  Zergling x10  
  110  10:19  Pathogen Glands  
  110  10:22  Drone x4  
  110  10:28  Baneling x7  
  114  10:29  Baneling x7  
  114  10:30  Baneling x4  
  114  10:31  Baneling  
  111  10:42  Zergling x4  
  99  10:43  Zergling x10  
  98  10:51  Zergling x12  
  98  10:52  Zergling x2  
  98  10:53  Zergling x8  
  98  10:55  Overlord x2  
  108  10:58  Zergling x2  
  108  11:03  Adrenal Glands  
  93  11:14  Zergling x10  
  86  11:19  Zergling x4  
  86  11:21  Zergling x2  
  86  11:24  Zergling x10  
  91  11:28  Zergling x6  
  91  11:31  Zergling x2  
  91  11:32  Zergling x6  
  89  11:36  Baneling x2  
  85  11:41  Zergling x4  
  85  11:42  Zergling x4  
  86  11:50  Zergling x6  
  85  11:56  Zergling x10  
  85  12:00  Zergling x2  
  81  12:03  Zergling x2  
  81  12:05  Zergling x2  
  80  12:10  Baneling x2  
  80  12:11  Zergling x2  
  78  12:17  Zergling x4  
  78  12:22  Baneling Nest  
  76  12:23  Spawning Pool  
Tags
 
Add a new tag
Caveats
  • Supply blocks, unpowered buildings, or Contaminate may cause inaccurate times.
  • Supply counts are checked every 10 seconds.